 Dungeon Crawl Stone Soup version 0.27.1-1-g398f81649c (webtiles) character file.

Game seed: 12655598135203250052

15738 MisterFreud the Blocker (level 12, 0/87 HPs)
             Began as a Gnoll Fighter on Sept 16, 2021.
             Was a High Priest of Hepliaklqana.
             Slain by a five-headed hydra (9 damage)
             ... on level 3 of the Lair of Beasts.
             The game lasted 00:16:43 (12617 turns).

MisterFreud the Blocker (Gnoll Fighter)            Turns: 12617, Time: 00:16:44

Health: 0/87       AC: 16    Str: 17    XL:     12   Next: 30%
Magic:  22/22      EV: 15    Int: 12    God:    Hepliaklqana [*****.]
Gold:   602        SH: 16    Dex: 11    Spells: 25/25 levels left

rFire    . . .     SeeInvis .   U - +2 short sword (venom)
rCold    . . .     Faith    .   c - +0 kite shield
rNeg     + . .     Spirit   .   x - +3 scale mail {rPois}
rPois    +         Reflect  +   F - +0 helmet
rElec    .         Harm     .   (no cloak)
rCorr    .         Rampage  .   (no gloves)
Will     .....                  j - +2 pair of boots
Stlth    ++........             y - amulet of reflection
HPRegen  0.24/turn              t - +4 ring of evasion
MPRegen  0.18/turn              Q - ring of positive energy

@: no status effects
A: reduced essence, fangs 1, strong nose, distributed training
a: Renounce Religion, Recall Ancestor, Ancestor Identity, Transference, Idealise


You were on level 3 of the Lair of Beasts.
You worshipped Hepliaklqana.
Hepliaklqana was extremely pleased with you.
You visited 2 branches of the dungeon, and saw 13 of its levels.
You also visited: Sewer.

You collected 899 gold pieces.
You spent 297 gold pieces at shops.

Inventory:

Hand Weapons
 a - a +0 rapier
 s - a +0 vampiric trident
 v - a +3 dagger
 U - a +2 short sword of venom (weapon)
Missiles
 u - 28 poisoned darts (quivered)
 B - 6 atropa-tipped darts
 H - 13 curare-tipped darts
 O - 5 boomerangs
 V - 7 javelins
Armour
 b - a +0 scale mail
 c - a +0 kite shield (worn)
 f - a +4 scale mail
 j - a +2 pair of boots (worn)
 x - a +3 scale mail of poison resistance (worn)
 F - a +0 helmet (worn)
 T - a +0 robe of the Archmagi
Jewellery
 p - an amulet of the acrobat
 q - a ring of wizardry
 t - a +4 ring of evasion (left hand)
 y - an amulet of reflection (around neck)
 P - a ring of fire
 Q - a ring of positive energy (right hand)
Wands
 w - a wand of flame (14)
Scrolls
 h - a scroll of amnesia
 i - 3 scrolls of fog
 o - 3 scrolls of teleportation
 r - a scroll of blinking {unknown}
 A - 2 scrolls of noise
 C - a scroll of torment {unknown}
 E - a scroll of fear {unknown}
 G - 2 scrolls of immolation
 N - a scroll of silence {unknown}
 S - a scroll of enchant weapon {unknown}
Potions
 d - a potion of might
 e - 7 potions of curing
 g - 5 potions of lignification {unknown}
 k - 2 potions of flight
 l - 3 potions of berserk rage
 m - a potion of cancellation
 n - 4 potions of attraction
 z - 3 potions of mutation
 D - a potion of degeneration
 I - 2 potions of haste
 J - a potion of resistance
 K - a potion of heal wounds
 L - a potion of magic
 M - a potion of invisibility {unknown}
Miscellaneous
 R - a piece from Xom's chessboard (13/15)


   Skills:
 + Level 9.7 Fighting
 + Level 8.6 Short Blades
 + Level 7.1 Long Blades
 + Level 7.1 Axes
 + Level 7.1 Maces & Flails
 + Level 7.1 Polearms
 + Level 7.1 Staves
 + Level 7.1 Slings
 + Level 7.1 Bows
 + Level 7.1 Crossbows
 + Level 7.1 Throwing
 + Level 9.7 Armour
 + Level 7.1 Dodging
 + Level 7.1 Stealth
 + Level 9.7 Shields
 + Level 7.1 Unarmed Combat
 + Level 7.1 Spellcasting
 + Level 5.9 Conjurations
 + Level 5.9 Hexes
 + Level 5.9 Summonings
 + Level 5.9 Necromancy
 + Level 5.9 Translocations
 + Level 5.9 Transmutations
 + Level 5.9 Fire Magic
 + Level 5.9 Ice Magic
 + Level 5.9 Air Magic
 + Level 5.9 Earth Magic
 + Level 5.9 Poison Magic
 + Level 7.8 Invocations
 + Level 7.1 Evocations


You had 25 spell levels left.
You didn't know any spells.
Your spell library contained the following spells:

 Spells                   Type           Power      Damage    Failure   Level
 Slow                     Hex            18%        N/A       11%         2
 Confusing Touch          Hex            18%        N/A       22%         3
 Vampiric Draining        Necr           9%         2d7       22%         3
 Fulminant Prism          Conj/Hex       9%         3d7       58%         4
 Iskenderun's Mystic Bla  Conj/Tloc      18%        2d6       58%         4
 Lee's Rapid Deconstruct  Erth           9%         3d8*      90%         5


Dungeon Overview and Level Annotations

Branches:
Dungeon (10/15)            Temple (0/1) D:5            Lair (3/6) D:10
  Snake (0/4) Lair:2          Orc (0/2) D:10          Sewer (visited)
  Swamp: Lair:2-4    Shoals: Lair:2-4

Altars:
Ashenzari
Dithmenos
Hepliaklqana
Kikubaaqudgha
Okawaru
Uskayaw
Zin

Shops:
D:8 !   D:10 ([[

Annotations:
D:3 2 transporters, funkygono's ghost, amateur GrFE


Innate Abilities, Weirdness & Mutations

Your life essence is reduced to manifest your ancestor. (-10% HP)
You have very sharp teeth.
Your uncanny sense of smell can sniff out nearby items.
Your experience applies equally to all skills.


Message History

Izel barely misses something.
You hit the five-headed hydra. You bite the five-headed hydra.
The five-headed hydra is severely wounded.
Izel blocks something's attack.
The five-headed hydra bites you!
You block the five-headed hydra's attack.
The five-headed hydra bites you. The five-headed hydra bites you! x2
* * * LOW HITPOINT WARNING * * *
Unknown command.
Unknown command.
Unknown command.
Unknown command.
You puncture the five-headed hydra!
The five-headed hydra is almost dead.
Izel blocks something's attack.
Izel hits something with a +0 flail!!
The five-headed hydra bites you.
* * * LOW HITPOINT WARNING * * *
The five-headed hydra bites you.
* * * LOW HITPOINT WARNING * * *
You block the five-headed hydra's attack.
The five-headed hydra bites you.
* * * LOW HITPOINT WARNING * * *
You block the five-headed hydra's attack.
Unknown command.
Unknown command.
Unknown command.
Unknown command.
Aiming: Throw Flame
Press: ? - help, Shift-Dir - straight line, f - five-headed hydra
Aim: a five-headed hydra (almost dead, very poisoned, 92% to hit)
The puff of flame hits the five-headed hydra.
The five-headed hydra is almost dead.
Something bites Izel but does no damage.
Izel hits something with a +0 flail!
The five-headed hydra bites you!
* * * LOW HITPOINT WARNING * * *
The five-headed hydra bites you but does no damage.
You block the five-headed hydra's attack.
The five-headed hydra bites you.
* * * LOW HITPOINT WARNING * * *
The five-headed hydra bites you!
You die...

#.... ##..#.........
##....#####.#...#.#.#.#..
...........>..........#..
..!......≈≈≈≈≈≈≈≈........
(........≈≈≈≈≈≈≈≈........
.........≈≈≈≈≈≈≈≈........
.........≈≈≈≈≈≈≈≈...####.
......{.D≈≈≈≈≈≈≈≈...# #..
.......R@≈≈≈≈≈≈≈≈..## ##.
.........≈≈≈≈≈≈≈≈..# ##..
...................# #.#.
......##.#P#.##.#### ####
...... ########## ......
...... ..#


You could see the friendly Izel the knight and a five-headed hydra (very
poisoned).

Vanquished Creatures
  A two-headed ogre (D:6)
  2 black mambas (Lair:1)
  A rime drake (Lair:2)
  2 komodo dragons
  A polar bear (Lair:3)
  3 blink frogs (Lair:3)
  13 yaks
  A wyvern (D:10)
  A naga (Lair:2)
  3 water moccasins
  An orc warrior (D:10)
  An ice beast (D:5)
  A sky beast (D:7)
  2 necrophages
  2 black bears
  An ogre (D:4)
  A phantom (D:5)
  A centaur (D:10)
  7 bullfrogs
  A kobold brigand (D:9)
  2 scorpions
  6 wights (D:9)
  3 centaur zombies
  A bullfrog zombie (D:5)
  An orc priest (D:4)
  A jelly (D:8)
  Ijyb (D:4)
  3 orc wizards (D:8)
  2 howler monkey zombies
  2 gnolls (D:8)
  5 adders
  A white imp (D:6)
  A worm (D:3)
  3 dart slugs
  16 orcs
  8 endoplasms
  3 giant cockroaches
  9 goblins
  3 hobgoblins
  2 jackals (D:3)
  11 kobolds
  3 quokkas
  3 ball pythons
  8 bats
  2 frilled lizards
146 creatures vanquished.

Vanquished Creatures (collateral kills)
  A hydra (Lair:2)
  2 boulder beetles (Lair:2)
  A black mamba (Lair:2)
  A komodo dragon (D:8)
  A rime drake (Lair:1)
  A cane toad (Lair:2)
  A troll (D:8)
  A hornet (D:9)
  Prince Ribbit (D:8)
  5 yaks
  2 shadows (D:10)
  A wraith (D:10)
  2 basilisks
  2 steam dragons
  A naga (Lair:2)
  An acid dragon (D:7)
  6 water moccasins
  Purgy (Sewer)
  2 orc warriors
  A sky beast (D:7)
  A black bear (D:4)
  A wolf (Lair:2)
  2 centaurs
  3 kobold brigands
  2 bullfrogs (Lair:1)
  A scorpion (D:6)
  5 wights
  4 howler monkeys
  A hound (D:6)
  A jelly (D:6)
  A gnoll shaman (D:8)
  A centaur skeleton (D:7)
  2 iguanas
  An orc wizard (D:4)
  3 adders
  2 gnolls (D:8)
  2 white imps
  An adder skeleton (D:4)
  A dart slug (D:5)
  10 orcs
  A giant cockroach (D:4)
  3 hobgoblins
  A jackal (D:3)
  9 kobolds
  A quokka (D:4)
  2 bats (Sewer)
96 creatures vanquished.

Vanquished Creatures (others)
  A knight (Lair:3)
  16 fungi
  14 plants
  2 withered plants (D:4)
33 creatures vanquished.

Grand Total: 275 creatures vanquished

Notes
Turn   | Place    | Note
-------+----------+-------------------------------------------
     0 | D:1      | MisterFreud the Gnoll Fighter began the quest for the Orb.
     0 | D:1      | Reached XP level 1. HP: 23/23 MP: 1/1
   199 | D:1      | Reached XP level 2. HP: 29/29 MP: 2/2
   670 | D:1      | Found a faded altar of an unknown god.
   691 | D:1      | Became a worshipper of Hepliaklqana the Forgotten
   691 | D:1      | Reached * piety under Hepliaklqana
  1046 | D:2      | Reached XP level 3. HP: 29/31 MP: 3/3
  1132 | D:2      | Reached skill level 1 in Invocations
  1268 | D:2      | Reached skill level 1 in Long Blades
  1268 | D:2      | Reached skill level 1 in Axes
  1268 | D:2      | Reached skill level 1 in Maces & Flails
  1268 | D:2      | Reached skill level 1 in Polearms
  1268 | D:2      | Reached skill level 1 in Staves
  1268 | D:2      | Reached skill level 1 in Slings
  1268 | D:2      | Reached skill level 1 in Bows
  1268 | D:2      | Reached skill level 1 in Crossbows
  1268 | D:2      | Reached skill level 1 in Throwing
  1268 | D:2      | Reached skill level 1 in Dodging
  1268 | D:2      | Reached skill level 1 in Stealth
  1268 | D:2      | Reached skill level 1 in Unarmed Combat
  1268 | D:2      | Reached skill level 1 in Spellcasting
  1268 | D:2      | Reached skill level 1 in Evocations
  1396 | D:2      | Reached XP level 4. HP: 36/36 MP: 5/5
  1477 | D:2      | Found a hazy altar of Hepliaklqana.
  1851 | D:3      | Found a hazy altar of Hepliaklqana.
  1858 | D:3      | Reached ** piety under Hepliaklqana
  1859 | D:3      | Remembered your ancestor Izel as a knight
  1861 | D:3      | Reached skill level 1 in Conjurations
  1861 | D:3      | Reached skill level 1 in Hexes
  1861 | D:3      | Reached skill level 1 in Summonings
  1861 | D:3      | Reached skill level 1 in Necromancy
  1861 | D:3      | Reached skill level 1 in Translocations
  1861 | D:3      | Reached skill level 1 in Transmutations
  1861 | D:3      | Reached skill level 1 in Fire Magic
  1861 | D:3      | Reached skill level 1 in Ice Magic
  1861 | D:3      | Reached skill level 1 in Air Magic
  1861 | D:3      | Reached skill level 1 in Earth Magic
  1861 | D:3      | Reached skill level 1 in Poison Magic
  1987 | D:3      | Found a transporter.
  1991 | D:3      | Noticed funkygono's ghost (amateur GrFE)
  2004 | D:3      | Found a glowing drain.
  2013 | Sewer    | Entered a sewer
  2043 | Sewer    | Noticed Purgy
  2054 | Sewer    | Killed Purgy
  2055 | Sewer    | Reached XP level 5. HP: 41/42 MP: 5/7
  2175 | D:3      | Found a transporter.
  2704 | D:3      | Found a hide-covered altar of Uskayaw.
  2842 | D:3      | Reached XP level 6. HP: 47/47 MP: 8/8
  2920 | D:4      | Noticed Ijyb
  2930 | D:4      | Killed Ijyb
  2931 | D:4      | Reached skill level 5 in Short Blades
  3099 | D:4      | Noticed a necrophage
  3101 | D:4      | Found an ancient bone altar of Kikubaaqudgha.
  3111 | D:4      | Killed a necrophage
  3112 | D:4      | Reached XP level 7. HP: 54/54 MP: 10/10
  3158 | D:4      | Found a glowing silver altar of Zin.
  3202 | D:4      | Reached *** piety under Hepliaklqana
  3274 | D:4      | Found a shadowy altar of Dithmenos.
  3406 | D:5      | Entered Level 5 of the Dungeon
  3515 | D:5      | Found a staircase to the Ecumenical Temple.
  4266 | D:5      | Reached XP level 8. HP: 57/60 MP: 12/12
  4575 | D:6      | Reached **** piety under Hepliaklqana
  4628 | D:6      | Noticed a two-headed ogre
  4637 | D:6      | Killed a two-headed ogre
  4810 | D:6      | Reached XP level 9. HP: 64/64 MP: 14/14
  5997 | D:8      | Reached skill level 5 in Invocations
  6012 | D:8      | Noticed Prince Ribbit
  6022 | D:8      | Found Zotoem's Distillery.
  6111 | D:8      | Bought a potion of curing for 33 gold pieces
  6111 | D:8      | Bought a potion of heal wounds for 55 gold pieces
  6111 | D:8      | Bought a potion of mutation for 88 gold pieces
  6111 | D:8      | Bought a potion of flight for 33 gold pieces
  6111 | D:8      | Bought a potion of magic for 88 gold pieces
  6232 | D:8      | Noticed a troll
  6241 | D:8      | Killed a troll
  6372 | D:8      | Noticed a komodo dragon
  6389 | D:8      | Killed a komodo dragon
  6390 | D:8      | Reached XP level 10. HP: 46/72 MP: 15/17
  6718 | D:8      | Killed Prince Ribbit
  6719 | D:8      | Reached skill level 5 in Long Blades
  6719 | D:8      | Reached skill level 5 in Axes
  6719 | D:8      | Reached skill level 5 in Maces & Flails
  6719 | D:8      | Reached skill level 5 in Polearms
  6719 | D:8      | Reached skill level 5 in Staves
  6719 | D:8      | Reached skill level 5 in Slings
  6719 | D:8      | Reached skill level 5 in Bows
  6719 | D:8      | Reached skill level 5 in Crossbows
  6719 | D:8      | Reached skill level 5 in Throwing
  6719 | D:8      | Reached skill level 5 in Dodging
  6719 | D:8      | Reached skill level 5 in Stealth
  6719 | D:8      | Reached skill level 5 in Unarmed Combat
  6719 | D:8      | Reached skill level 5 in Spellcasting
  6719 | D:8      | Reached skill level 5 in Evocations
  7788 | D:10     | Entered Level 10 of the Dungeon
  7860 | D:10     | Found a broken altar of Ashenzari.
  8301 | D:10     | Found Keneskoa's Weapon Shoppe.
  8302 | D:10     | Found a staircase to the Orcish Mines.
  8334 | D:10     | Found Zecua's Armour Shoppe.
  8562 | D:10     | Found a staircase to the Lair.
  8601 | D:10     | Reached XP level 11. HP: 71/78 MP: 19/19
  8704 | D:10     | Found Veruor Kam's Armour Shop.
  8857 | D:10     | Found an iron altar of Okawaru.
  8948 | D:10     | Reached skill level 5 in Conjurations
  8948 | D:10     | Reached skill level 5 in Hexes
  8948 | D:10     | Reached skill level 5 in Summonings
  8948 | D:10     | Reached skill level 5 in Necromancy
  8948 | D:10     | Reached skill level 5 in Translocations
  8948 | D:10     | Reached skill level 5 in Transmutations
  8948 | D:10     | Reached skill level 5 in Fire Magic
  8948 | D:10     | Reached skill level 5 in Ice Magic
  8948 | D:10     | Reached skill level 5 in Air Magic
  8948 | D:10     | Reached skill level 5 in Earth Magic
  8948 | D:10     | Reached skill level 5 in Poison Magic
  9168 | Lair:1   | Entered Level 1 of the Lair of Beasts
  9702 | Lair:1   | Reached ***** piety under Hepliaklqana
 10193 | Lair:2   | Noticed a six-headed hydra
 10193 | Lair:2   | Noticed a boulder beetle
 10209 | Lair:2   | Killed a six-headed hydra
 10213 | Lair:2   | Killed a boulder beetle
 11325 | Lair:2   | Noticed a boulder beetle
 11683 | Lair:2   | Reached XP level 12. HP: 66/86 MP: 22/22
 11778 | Lair:2   | Killed a boulder beetle
 11938 | Lair:2   | Found a staircase to the Snake Pit.
 12267 | Lair:3   | Noticed a four-headed hydra
 12603 | Lair:3   | Noticed a five-headed hydra
 12617 | Lair:3   | Slain by a five-headed hydra

Illustrated notes

Levels and vault maps discovered:
D:1:      noname_arrival_rooms_in_the_neighbourhood, layout_loops_corners,
          hellmonk_ecumenical_altar_run_dry, minmay_tiny_reverse_x
D:2:      layout_loops_cross, basic_altar
D:3:      layout_loops_ring, mainiacjoe_overflow_concentric_impassable,
          lemuel_coloured_pillars_altar, gammafunk_ghost_arena,
          portal_sewer_entry_d
D:4:      layout_cave_pools, kiku_gazebo_garden_becter, zin_scriptorium,
          grunt_dithmenos_smoke, uniq_ijyb
D:5:      layout_basic, minmay_temple_entry_glass
D:6:      layout_cave_pools, minmay_holes
D:7:      layout_cave_pools, minmay_misc_feat_room, kennysheep_windowed_goal
D:8:      layout_rooms, serial_shops, nicolae_shop_statue_plus,
          uniq_prince_ribbit1
D:9:      layout_rooms
D:10:     layout_grid_maze, nicolae_ashenzari_panopticon, kennysheep_little_box,
          due_lair_maze_entry_diamond, orc_david_3, serial_shops, shop,
          minmay_between
Lair:1:   layout_regular_city
Lair:2:   layout_hall_layers, minmay_snake_entry_guardpost_medium
Lair:3:   layout_gridlike, serial_rivers, chequers_serial_rivers_small_a,
          chequers_serial_rivers_micro_c, chequers_serial_rivers_micro_a,
          chequers_serial_rivers_micro_b

Skill      XL: |  1  2  3  4  5  6  7  8  9 10 11 12 |
---------------+-------------------------------------+-----
Invocations    | 1 2 3 4 5 6 7 |  7.8
Long Blades    | 1 2 3 4 5 6 7 |  7.1
Axes           | 1 2 3 4 5 6 7 |  7.1
Maces & Flails | 1 2 3 4 5 6 7 |  7.1
Polearms       | 1 2 3 4 5 6 7 |  7.1
Staves         | 1 2 3 4 5 6 7 |  7.1
Slings         | 1 2 3 4 5 6 7 |  7.1
Bows           | 1 2 3 4 5 6 7 |  7.1
Crossbows      | 1 2 3 4 5 6 7 |  7.1
Throwing       | 1 2 3 4 5 6 7 |  7.1
Dodging        | 1 2 3 4 5 6 7 |  7.1
Stealth        | 1 2 3 4 5 6 7 |  7.1
Unarmed Combat | 1 2 3 4 5 6 7 |  7.1
Spellcasting   | 1 2 3 4 5 6 7 |  7.1
Evocations     | 1 2 3 4 5 6 7 |  7.1
Conjurations   | 1 2 3 4 5 |  5.9
Hexes          | 1 2 3 4 5 |  5.9
Summonings     | 1 2 3 4 5 |  5.9
Necromancy     | 1 2 3 4 5 |  5.9
Translocations | 1 2 3 4 5 |  5.9
Transmutations | 1 2 3 4 5 |  5.9
Fire Magic     | 1 2 3 4 5 |  5.9
Ice Magic      | 1 2 3 4 5 |  5.9
Air Magic      | 1 2 3 4 5 |  5.9
Earth Magic    | 1 2 3 4 5 |  5.9
Poison Magic   | 1 2 3 4 5 |  5.9
Short Blades   | 5 6 7 8 |  8.6
Fighting       | 7 8 9 |  9.7
Armour         | 7 8 9 |  9.7
Shields        | 7 8 9 |  9.7

Action                   |  1- 3 |  4- 6 |  7- 9 | 10-12 || total
-------------------------+-------+-------+-------+-------++-------
Melee: Rapier            |    92 |   143 |   247 |   297 ||   779
       Bite              |     8 |    12 |    31 |    57 ||   108
       Short sword       |       |       |       |   230 ||   230
Throw: Dart              |       |       |     2 |    15 ||    17
Invok: Ancestor Life: Kn |       |     1 |       |       ||     1
       Recall Ancestor   |       |       |     1 |       ||     1
Evoke: Piece from Xom's  |       |       |       |     6 ||     6
       Wand              |       |       |       |     1 ||     1
  Use: Scroll            |       |       |       |    10 ||    10
       Potion            |       |       |       |     1 ||     1
 Stab: Distracted        |       |       |     3 |     4 ||     7
       Sleeping          |       |       |       |     1 ||     1
Armor: Scale mail        |    41 |    55 |    85 |   124 ||   305
Dodge: Dodged            |    18 |    46 |   103 |   211 ||   378
Block: Kite shield       |    51 |    72 |   182 |   437 ||   742
       Reflection        |       |       |     2 |     5 ||     7
